 Dungeon Crawl Stone Soup version 0.31-a0-112-gdf0485fa37 (webtiles) character file.

Game seed: 15897150870479671578

4025 hikkokomori the Trooper (level 10, -7/55 HPs)
             Began as a Vine Stalker Fighter on May 28, 2023.
             Was a Follower of Okawaru.
             Mangled by an orc warlord
             ... wielding a +4 battleaxe
              (27 damage)
             ... in a bailey.
             The game lasted 00:16:38 (6065 turns).

hikkokomori the Trooper (Vine Stalker Fighter)      Turns: 6065, Time: 00:16:39

Health: -7/55      AC: 10    Str: 24    XL:     10   Next: 24%
Magic:  0/12       EV: 14    Int:  8    God:    Okawaru [*.....]
Gold:   330        SH:  7    Dex: 25    Spells: 9/9 levels left

rFire   . . .        j - +9 sling "Veammov" {flame, *Corrode rPois Str+3 Dex+3}
rCold   . . .        c - +0 buckler
rNeg    . . .        S - +0 steam dragon scales
rPois   +            J - +0 helmet
rElec   .            q - +0 cloak
rCorr   +            Q - +0 pair of gloves
SInv    .            O - +0 pair of boots
Will    +....        h - amulet of regeneration
Stlth   ++++         a - +6 ring of dexterity
HPRegen 1.89/turn    K - ring of resist corrosion
MPRegen 0.13/turn

%: corrode self (3%), guardian spirit
@: mighty
A: fangs 3, regeneration 1, magic shield, antimagic bite, no potion heal 2
a: Renounce Religion, Heroism


You were in a bailey.
You worshipped Okawaru.
Okawaru was aware of your devotion.
You visited 2 branches of the dungeon, and saw 9 of its levels.
You also visited: Sewer, Ossuary and Bailey.

You collected 330 gold pieces.

Inventory:

Hand Weapons
 j - the +9 sling "Veammov" (weapon) {flame, *Corrode rPois Str+3 Dex+3}
   (You found it on level 2 of the Dungeon)

   Str:       It affects your strength (+3).
   Dex:       It affects your dexterity (+3).
   rPois:     It protects you from poison.
   *Corrode:  It may corrode you when you take damage.
 l - a +0 dagger of draining
 D - a +3 whip
 E - a +0 longbow
Missiles
 F - a curare-tipped dart
 G - 27 poisoned darts
Armour
 b - a +0 scale mail
 c - a +0 buckler (worn)
 k - a +0 plate armour
 q - a +0 cloak (worn)
 J - a +0 helmet (worn)
 O - a +0 pair of boots (worn)
 P - a +0 kite shield
 Q - a +0 pair of gloves (worn)
 S - +0 steam dragon scales (worn)
Jewellery
 a - a +6 ring of dexterity (left hand)
 h - an amulet of regeneration (around neck)
 K - a ring of resist corrosion (right hand)
 N - a ring of flight
 U - a ring of positive energy
Wands
 r - a wand of flame (22)
 M - a wand of paralysis (7)
 V - a wand of quicksilver (3)
Scrolls
 e - 3 scrolls of silence {unknown}
 f - 2 scrolls of blinking {unknown}
 n - 3 scrolls of immolation {unknown}
 p - 4 scrolls of teleportation
 s - a scroll of magic mapping
 t - a scroll of butterflies {unknown}
 u - 2 scrolls of fear
 v - 3 scrolls of fog
 w - a scroll of noise {unknown}
 y - a scroll of amnesia {unknown}
 C - 2 scrolls of enchant armour {unknown}
Potions
 g - 3 potions of ambrosia
 i - 4 potions of enlightenment
 m - 4 potions of attraction
 o - 7 potions of curing
 x - 3 potions of magic
 z - 5 potions of lignification
 A - 2 potions of berserk rage
 B - 3 potions of resistance
 H - a potion of heal wounds
 I - 2 potions of mutation
 L - 4 potions of brilliance
 R - a potion of invisibility {unknown}
 T - a potion of degeneration


   Skills:
 + Level 7.5 Fighting
 - Level 2.2 Maces & Flails
 + Level 6.6 Ranged Weapons
 - Level 3.9 Armour
 + Level 2.9 Dodging
 - Level 6.8 Stealth
 - Level 5.7 Shields
 + Level 2.5 Invocations


You had 9 spell levels left.
You didn't know any spells.
Your spell library contained the following spells:

 Spells                   Type           Power      Damage    Failure   Level
 Lesser Beckoning         Tloc           0%         N/A       61%         2
 Sublimation of Blood     Necr           0%         N/A       61%         2
 Wereblood                Tmut           0%         N/A       61%         2
 Gell's Gravitas          Tloc           0%         N/A       83%         3
 Teleport Other           Tloc           0%         N/A       83%         3
 Passage of Golubria      Tloc           0%         N/A       99%         4
 Iskenderun's Battlesphe  Conj           0%         2d6       100%        5
 Yara's Violent Unravell  Hex/Tmut       0%         3d3       100%        5
 Leda's Unmaking          Conj/Erth      0%         9d1       100%        6
 Tukima's Dance           Hex            Unusable   N/A       N/A         3
 Spellforged Servitor     Conj/Summ      Unusable   N/A       N/A         7
 Summon Hydra             Summ           Unusable   N/A       N/A         7

Dungeon Overview and Level Annotations

Branches:
Dungeon (8/15)             Temple (1/1) D:7           Sewer (visited)
Ossuary (visited)          Bailey (1/1)
   Lair: D:8-11

Altars:
Ashenzari
Cheibriados
Dithmenos
Elyvilon
Fedhas
Gozag
Hepliaklqana
Kikubaaqudgha
Makhleb
Nemelex Xobeh
Okawaru
Ru
Sif Muna
Uskayaw
Wu Jian
Yredelemnul
Zin
The Shining One

Shops:
D:6 :   D:7 =

Annotations:
D:3 2 transporters, PerfectTommy's ghost, amateur GnWn


Innate Abilities, Weirdness & Mutations

You have razor-sharp teeth.
Your natural rate of healing is unusually fast.
When hurt, damage is shared between your health and your magic reserves.
Your bite disrupts and absorbs the magic of your enemies.
Potions cannot restore your health.


Message History

There is an open gate here.
There is an open gate here.
Fire: j) +9 sling "Veammov" {flame, *Corrode rPois Str+3 Dex+3}
Press: ? - help, Shift-Dir - straight line, f/p - orc warlord
Aim: an orc warlord, wielding a +4 battleaxe and wearing a +0 chain mail (heavily wounded, 79% to hit)
You shoot a sling bullet.
The sling bullet completely misses the orc warlord.
Unknown command.
Fire: j) +9 sling "Veammov" {flame, *Corrode rPois Str+3 Dex+3}
Press: ? - help, Shift-Dir - straight line, f/p - orc warlord
Aim: an orc warlord, wielding a +4 battleaxe and wearing a +0 chain mail (heavily wounded, 79% to hit)
You shoot a sling bullet.
The sling bullet hits the orc warlord but does no damage.
The orc warlord is heavily wounded.
Fire: j) +9 sling "Veammov" {flame, *Corrode rPois Str+3 Dex+3}
Press: ? - help, Shift-Dir - straight line, f/p - orc warlord
Aim: an orc warlord, wielding a +4 battleaxe and wearing a +0 chain mail (heavily wounded, 79% to hit)
You shoot a sling bullet.
The sling bullet completely misses the orc warlord.
Unknown command.
Fire: j) +9 sling "Veammov" {flame, *Corrode rPois Str+3 Dex+3}
Press: ? - help, Shift-Dir - straight line, f/p - orc warlord
Aim: an orc warlord, wielding a +4 battleaxe and wearing a +0 chain mail (heavily wounded, 79% to hit)
You shoot a sling bullet. The sling bullet hits the orc warlord!
The sling bullet burns the orc warlord.
The orc warlord is heavily wounded.
Fire: j) +9 sling "Veammov" {flame, *Corrode rPois Str+3 Dex+3}
Press: ? - help, Shift-Dir - straight line, f/p - orc warlord
Aim: an orc warlord, wielding a +4 battleaxe and wearing a +0 chain mail (heavily wounded, 79% to hit)
You shoot a sling bullet. The sling bullet hits the orc warlord.
The sling bullet burns the orc warlord.
The orc warlord is heavily wounded.
You shoot a sling bullet. The sling bullet hits the orc warlord.
The sling bullet burns the orc warlord.
The orc warlord is severely wounded.
The orc warlord hits you with a +4 battleaxe!!
You shoot a sling bullet.
The sling bullet closely misses the orc warlord.
The orc warlord hits you with a +4 battleaxe!!
You die...

#......o... #.))o..o...
♣♣♣♣♣ ###.))...)..
♣♣...♣♣♣ ###.#'#.....##
♣....♣.♣###.....###.###
♣♣♣......##......)..###
♣........#...........#
♣♣.......'...........#
♣...∩.∩..@o....))....#
♣♣.......'...........#
♣.......#...........#
♣♣......##.......).##
♣.....♣♣###.....###
♣♣..♣♣♣ ###.#+# ♣♣♣♣
###


You could see an orc warlord.

Vanquished Creatures
  Grinder (Sewer)
  Sigmund (D:2)
  2 steam dragons (D:6)
  A water moccasin (D:6)
  10 orc warriors (Bailey)
  4 ice beasts
  A black bear (D:4)
  An ogre (D:5)
  A phantom (D:7)
  3 kobold brigands
  3 bullfrogs
  Blork the orc (D:6)
  A gnoll sergeant (D:7)
  A scorpion (D:5)
  A quasit (Sewer)
  3 jellies
  4 hounds
  A gnoll bouda (D:7)
  Crazy Yiuf (D:4)
  3 iguanas
  Terence (D:3)
  A sleepcap (D:5)
  2 orc wizards (D:5)
  Natasha (thrice) (D:4)
  5 mummies
  Robin (D:2)
  21 gnolls
  10 adders
  A shadow imp (Sewer)
  A white imp (D:7)
  4 ufetubi
  2 adder zombies (Ossuary)
  A worm (D:2)
  5 dart slugs
  27 orcs
  7 endoplasms
  11 giant cockroaches
  27 goblins
  11 hobgoblins
  27 kobolds
  5 quokkas
  12 ball pythons
  3 bats
  5 frilled lizards
  2 gnoll zombies (Ossuary)
  A goblin zombie (Ossuary)
  3 hobgoblin zombies (D:7)
  2 jackal zombies (Ossuary)
  2 kobold zombies
  4 orc zombies
  5 rats
  A rat zombie (Ossuary)
257 creatures vanquished.

Notes
Turn   | Place    | Note
-------+----------+-------------------------------------------
     0 | D:1      | hikkokomori the Vine Stalker Fighter began the quest for
                  | the Orb.
     0 | D:1      | Reached XP level 1. HP: 11/11 MP: 2/2
    56 | D:1      | Found a faded altar of an unknown god.
   182 | D:1      | Reached XP level 2. HP: 4/16 MP: 3/3
   331 | D:1      | Reached XP level 3. HP: 19/19 MP: 4/4
   339 | D:1      | Reached skill level 3 in Fighting
   720 | D:2      | Identified the +9 sling "Veammov" {flame, *Corrode rPois
                  | Str+3 Dex+3}
   872 | D:2      | Noticed Robin
   889 | D:2      | Killed Robin
   890 | D:2      | Gained mutation: Your natural rate of healing is unusually
                  | fast. [Vine Stalker growth]
   890 | D:2      | Reached XP level 4. HP: 18/24 MP: 5/5
   932 | D:2      | Noticed Sigmund
   934 | D:2      | Killed Sigmund
   935 | D:2      | Reached skill level 1 in Ranged Weapons
   935 | D:2      | Reached XP level 5. HP: 29/29 MP: 6/6
   943 | D:2      | Reached XP level 6. HP: 33/33 MP: 7/7
  1791 | D:2      | Upgraded the game from 0.31-a0-108-gdf935468f2 to
                  | 0.31-a0-112-gdf0485fa37
  1964 | D:3      | Found a shadowy altar of Dithmenos.
  1975 | D:3      | Found a basalt altar of Yredelemnul.
  2003 | D:3      | Noticed Terence
  2008 | D:3      | Killed Terence
  2009 | D:3      | Reached skill level 4 in Fighting
  2078 | D:3      | Found a transporter.
  2117 | D:3      | Found a transporter.
  2157 | D:3      | Noticed PerfectTommy's ghost (amateur GnWn)
  2218 | D:4      | Found a sand-covered staircase.
  2223 | Ossuary  | Entered an ossuary
  2360 | Ossuary  | Reached XP level 7. HP: 37/37 MP: 8/8
  2454 | D:4      | Found a glowing drain.
  2465 | Sewer    | Entered a sewer
  2558 | Sewer    | Found a burning altar of Makhleb.
  2583 | Sewer    | Noticed Grinder
  2593 | Sewer    | Killed Grinder
  2594 | Sewer    | Reached skill level 5 in Stealth
  2594 | Sewer    | Gained mutation: You have razor-sharp teeth. [Vine Stalker
                  | growth]
  2594 | Sewer    | Reached XP level 8. HP: 42/42 MP: 9/9
  2788 | D:4      | Noticed Natasha
  2795 | D:4      | Killed Natasha
  2796 | D:4      | Reached skill level 5 in Fighting
  2905 | D:4      | Noticed Natasha
  2907 | D:4      | Killed Natasha
  2908 | D:4      | Reached skill level 5 in Shields
  3167 | D:4      | Found a runed translucent door.
  3168 | D:4      | Noticed Crazy Yiuf
  3286 | D:4      | Noticed Natasha
  3287 | D:4      | Killed Natasha
  3316 | D:4      | Killed Crazy Yiuf
  3383 | D:5      | Entered Level 5 of the Dungeon
  3686 | D:5      | Reached XP level 9. HP: 48/48 MP: 10/10
  3989 | D:6      | Noticed Blork the orc
  3994 | D:6      | Killed Blork the orc
  4121 | D:6      | Reached skill level 6 in Fighting
  4182 | D:6      | Reached skill level 5 in Ranged Weapons
  4207 | D:6      | Found Huidoote's Tremendous Tomes.
  4722 | D:6      | Found a shimmering blue altar of Sif Muna.
  4873 | D:7      | Reached skill level 1 in Dodging
  4943 | D:7      | Found Fuixan's Jewellery Emporium.
  5150 | D:7      | Found a staircase to the Ecumenical Temple.
  5241 | Temple   | Entered the Ecumenical Temple
  5327 | Temple   | Became a worshipper of Warmaster Okawaru
  5497 | D:7      | Reached skill level 7 in Fighting
  5630 | D:8      | Found a flagged portal.
  5653 | Bailey   | Entered a bailey
  5684 | Bailey   | Reached skill level 1 in Invocations
  5758 | Bailey   | Reached XP level 10. HP: 55/55 MP: 10/12
  5939 | Bailey   | Reached * piety under Okawaru
  5989 | Bailey   | Noticed an orc warlord
  6065 | Bailey   | Mangled by an orc warlord

Illustrated notes

Levels and vault maps discovered:
D:1:      lemuel_arrival_cross, layout_rooms,
          hellmonk_ecumenical_altar_defaced_shrine
D:2:      minmay_razor_zed, layout_loops_corners, minmay_misc_feat_x,
          uniq_sigmund, uniq_robin
D:3:      layout_rooms, amethyst_overflow_temple_binary,
          gammafunk_ghost_mausoleum, uniq_terence
D:4:      layout_loops_cross, enter_ossuary_2, gup_sewer_entry_pipe,
          uniq_natasha, uniq_crazy_yiuf_cottage
D:5:      layout_basic
D:6:      layout_loops_ring, lemuel_doored_altar, nicolae_shop_i_like_big_books,
          serial_bayou_pond_a, nicolae_elevator_lobby_asterisk,
          uniq_blork_the_orc
D:7:      layout_cave_pools, temple_doors_cd, serial_shops,
          nicolae_shop_getting_attention, grunt_decor_arrowhead,
          minmay_mini_ossuary
D:8:      layout_basic, mainiacjoe_overflow_alcove_2, enter_bailey_5,
          special_room [special_room_orc], uniq_gastronok
Temple:   nicolae_temple_superstar
Bailey:   bailey_axe_minmay_hex_keep, bailey

Skill      XL: |  1  2  3  4  5  6  7  8  9 10 |
---------------+-------------------------------+-----
Maces & Flails | 2 |  2.2
Shields        | 3 4 5 |  5.7
Fighting       | 3 4 5 7 |  7.5
Ranged Weapons | 1 2 3 4 6 |  6.6
Stealth        | 2 3 5 6 |  6.8
Armour         | 3 |  3.9
Dodging        | 2 |  2.9
Invocations    | 1 2 |  2.5

Action                     |  1- 3 |  4- 6 |  7- 9 | 10-12 || total
---------------------------+-------+-------+-------+-------++-------
  Melee: Flail             |    47 |       |       |       ||    47
         Bite              |    16 |       |       |       ||    16
   Fire: Sling             |    19 |   109 |   309 |    80 ||   517
 Invoke: Heroism           |       |       |       |     1 ||     1
    Use: Scroll            |       |     5 |    11 |     2 ||    18
         Potion            |       |       |       |     1 ||     1
 Armour: Scale mail        |    29 |    32 |    17 |       ||    78
         Steam dragon scal |       |       |    12 |     6 ||    18
  Dodge: Dodged            |    28 |    25 |    38 |    32 ||   123
  Block: Buckler           |    11 |    17 |    20 |    18 ||    66

Table legend: (Time is in decaauts)
 A = Elapsed time spent in this place.
 B = Non-inter-level travel time spent in this place.
 C = Inter-level travel time spent in this place.
 D = Time resting spent in this place.
 E = Time spent auto-exploring this place.
 F = Levels seen in this place.
 G = Mean time per level.
                   A        B        C        D        E       F      G
               +--------+--------+--------+--------+--------+-----+--------+
         Total |   6242 |   5881 |    361 |      0 |   4253 |  12 |  520.2 |
       Dungeon |   5169 |   4815 |    354 |      0 |   3737 |   8 |  646.1 |
        Temple |    169 |    163 |      6 |      0 |     90 |   1 |  169.0 |
         Sewer |    319 |    319 |      0 |      0 |    144 |   1 |  319.0 |
       Ossuary |    162 |    162 |      0 |      0 |     96 |   1 |  162.0 |
        Bailey |    421 |    421 |      0 |      0 |    185 |   1 |  421.0 |
               +--------+--------+--------+--------+--------+-----+--------+

Top non-repeatable levels by time:
     D:2: 1192 daAuts
     D:6: 846 daAuts
     D:4: 777 daAuts
     D:1: 734 daAuts
     D:7: 630 daAuts
     D:5: 628 daAuts
  Bailey: 421 daAuts
     D:3: 323 daAuts
   Sewer: 319 daAuts
  Temple: 169 daAuts
 Ossuary: 162 daAuts
     D:8: 36 daAuts
